TOP OF THE 1ST |
Reading Rainbows batting - Pitching for Intercourse Amish : RHP Andrés Ruíz
|
Pitching: RHP Andrés Ruíz
|
|
Batting: RHB Richard Case
|
0-0: Ball 1-0: Called Strike 1-1: Called Strike 1-2: Foul Ball, location: 2F 1-2: Foul Ball, location: 2F 1-2: Strikes out swinging
|
Batting: RHB José Moreno
|
0-0: Ball 1-0: Ball 2-0: Ball 3-0: Base on Balls
|
Batting: RHB Ron King
|
0-0: Ball 1-0: Swinging Strike 1-1: Ball 2-1: Foul Ball, location: 2F 2-2: SINGLE (Flyball, 78M) José Moreno to second
|
Batting: RHB Ethan Moore
|
0-0: Ball Passed Ball! José Moreno to third Ron King to second 1-0: Called Strike 1-1: Called Strike 1-2: Ball 2-2: Strikes out looking
|
Batting: RHB Jeff Townsley
|
0-0: Fly out, F9 (Flyball, 9)
|
Top of the 1st over - 0 run(s), 1 hit(s), 0 error(s), 2 left on base; Reading 0 - Intercourse 0 |
BOTTOM OF THE 1ST |
Intercourse Amish batting - Pitching for Reading Rainbows : LHP Armando Rodríguez
|
Pitching: LHP Armando Rodríguez
|
|
Batting: LHB Dave Reynolds
|
0-0: Ball 1-0: Fly out, F6 (Line Drive, 6M)
|
Batting: SHB Ralph Robison
|
0-0: Called Strike 0-1: SINGLE (Groundball, 34D)
|
Batting: RHB Juan Estrada
|
0-0: Ball 1-0: Called Strike 1-1: Ball 2-1: Called Strike 2-2: Foul Ball, location: 2F 2-2: Foul Ball, location: 2F 2-2: Ball 3-2: Foul Ball, location: 2F 3-2: Foul Ball, location: 2F 3-2: Base on Balls Ralph Robison to second
|
Batting: RHB Juan Caceres
|
0-0: Ball 1-0: SINGLE (Groundball, 56D) Ralph Robison to third Juan Estrada to second Runner from 3rd tries for Home, SAFE, throw made home Juan Estrada to third Juan Caceres to second
|
Batting: LHB Tony O'Bryan
|
0-0: Ball 1-0: Ball 2-0: Called Strike 2-1: Ball 3-1: Called Strike 3-2: Strikes out swinging
|
Batting: RHB Frank Maxwell
|
0-0: Called Strike 0-1: SINGLE (Line Drive, 9S) Juan Estrada scores Juan Caceres to third Runner from 3rd tries for Home, SAFE, no throw
|
Batting: SHB Conan Hanson
|
0-0: Ball 1-0: Swinging Strike 1-1: Ball 2-1: Foul Ball, location: 2F 2-2: Ball 3-2: Fly out, F7 (Flyball, 7S)
|
Bottom of the 1st over - 3 run(s), 3 hit(s), 0 error(s), 1 left on base; Reading 0 - Intercourse 3 |
TOP OF THE 2ND |
Reading Rainbows batting - Pitching for Intercourse Amish : RHP Andrés Ruíz
|
Batting: SHB Dan Chandler
|
0-0: Called Strike 0-1: Bunt for hit - play at first, batter OUT! 1-3
|
Batting: LHB Richard Henry
|
0-0: Foul Ball, location: 2F 0-1: Foul Ball, location: 2F 0-2: Foul Ball, location: 2F 0-2: Ball 1-2: Strikes out swinging
|
Batting: RHB Germán Romero
|
0-0: Foul Ball, location: 2F 0-1: Ball 1-1: Ball 2-1: Ball 3-1: SINGLE (Line Drive, 3)
|
Batting: RHB Hubert Brown
|
0-0: Called Strike 0-1: Ball 1-1: Foul Ball, location: 2F 1-2: Foul Ball, location: 2F 1-2: Ball 2-2: Strikes out looking
|
Top of the 2nd over - 0 run(s), 1 hit(s), 0 error(s), 1 left on base; Reading 0 - Intercourse 3 |
BOTTOM OF THE 2ND |
Intercourse Amish batting - Pitching for Reading Rainbows : LHP Armando Rodríguez
|
Batting: RHB Joe Zapata
|
0-0: Called Strike 0-1: Swinging Strike 0-2: Ball 1-2: Strikes out swinging
|
Batting: RHB Leon Heath
|
0-0: Ball 1-0: Ball 2-0: Called Strike 2-1: Fly out, F8 (Flyball, 8RS)
|
Batting: LHB Dave Reynolds
|
0-0: Ball 1-0: SINGLE (Groundball, 34S) (infield hit)
|
Batting: SHB Ralph Robison
|
0-0: Ball 1-0: Called Strike 1-1: DOUBLE (Flyball, 89M) Dave Reynolds to third
|
Batting: RHB Juan Estrada
|
0-0: Called Strike 0-1: SINGLE (Groundball, 6MD) (infield hit) Dave Reynolds scores Ralph Robison to third
|
Batting: RHB Juan Caceres
|
0-0: Swinging Strike 0-1: Ball 1-1: Ball 2-1: SINGLE (Flyball, 9LS) Ralph Robison scores Juan Estrada to second Runner from 2nd tries for 3rd, SAFE, throw made to third
|
Batting: LHB Tony O'Bryan
|
0-0: Called Strike 0-1: Ball 1-1: Foul Ball, location: 2F 1-2: Foul Ball, location: 2F 1-2: Ball 2-2: Ground out U3 (Groundball, 3)
|
Bottom of the 2nd over - 2 run(s), 4 hit(s), 0 error(s), 2 left on base; Reading 0 - Intercourse 5 |
TOP OF THE 3RD |
Reading Rainbows batting - Pitching for Intercourse Amish : RHP Andrés Ruíz
|
Batting: RHB Richard Case
|
0-0: Swinging Strike 0-1: Called Strike 0-2: Strikes out swinging
|
Batting: RHB José Moreno
|
0-0: Ball 1-0: Foul Ball, location: 2F 1-1: SOLO HOME RUN (Flyball, 89XD), Distance : 411 ft
|
Batting: RHB Ron King
|
0-0: TRIPLE (Groundball, 3L)
|
Batting: RHB Ethan Moore
|
0-0: Ball 1-0: Called Strike 1-1: Ground out 6-3 (Groundball, 6) Ron King scores
|
Batting: RHB Jeff Townsley
|
0-0: Foul Ball, location: 2F 0-1: Ball 1-1: Called Strike 1-2: Foul Ball, location: 2F 1-2: Ball 2-2: Foul Ball, location: 2F 2-2: Ball 3-2: Fly out, F7 (Flyball, 7S)
|
Top of the 3rd over - 2 run(s), 2 hit(s), 0 error(s), 0 left on base; Reading 2 - Intercourse 5 |
BOTTOM OF THE 3RD |
Intercourse Amish batting - Pitching for Reading Rainbows : LHP Armando Rodríguez
|
Batting: RHB Frank Maxwell
|
0-0: Ball 1-0: Ball 2-0: Ball 3-0: Base on Balls
|
Batting: SHB Conan Hanson
|
0-0: Swinging Strike 0-1: Foul Ball, location: 2F 0-2: Ball 1-2: Strikes out swinging
|
Batting: RHB Joe Zapata
|
0-0: Called Strike 0-1: Foul Ball, location: 2F 0-2: Foul Ball, location: 2F 0-2: Fly out, F8 (Line Drive, 8LM)
|
Batting: RHB Leon Heath
|
0-0: Ball 1-0: Fielders Choice at 2nd, 6-4 (Groundball, 6)
|
Bottom of the 3rd over - 0 run(s), 0 hit(s), 0 error(s), 0 left on base; Reading 2 - Intercourse 5 |
TOP OF THE 4TH |
Reading Rainbows batting - Pitching for Intercourse Amish : RHP Andrés Ruíz
|
Batting: SHB Dan Chandler
|
0-0: Ball 1-0: Ball 2-0: Foul Ball, location: 2F 2-1: SINGLE (Groundball, 34D)
|
Batting: LHB Richard Henry
|
0-0: Swinging Strike 0-1: Foul Ball, location: 2F 0-2: Strikes out swinging
|
Batting: RHB Germán Romero
|
0-0: Ball 1-0: Ball 2-0: Foul Ball, location: 2F 2-1: Swinging Strike 2-2: Strikes out swinging
|
Batting: RHB Hubert Brown
|
0-0: Ball Dan Chandler steals 2nd base 1-0: Foul Ball, location: 2F 1-1: Called Strike 1-2: Ball 2-2: Foul Ball, location: 2F 2-2: Ground out 6-3 (Groundball, 6)
|
Top of the 4th over - 0 run(s), 1 hit(s), 0 error(s), 1 left on base; Reading 2 - Intercourse 5 |
BOTTOM OF THE 4TH |
Intercourse Amish batting - Pitching for Reading Rainbows : LHP Armando Rodríguez
|
Batting: LHB Dave Reynolds
|
0-0: Ground out 1-3 (Groundball, 13)
|
Batting: SHB Ralph Robison
|
0-0: Fly out, F9 (Flyball, 9S)
|
Batting: RHB Juan Estrada
|
0-0: Ball 1-0: Ground out 5-3 (Groundball, 56S)
|
Bottom of the 4th over - 0 run(s), 0 hit(s), 0 error(s), 0 left on base; Reading 2 - Intercourse 5 |
TOP OF THE 5TH |
Reading Rainbows batting - Pitching for Intercourse Amish : RHP Andrés Ruíz
|
Batting: RHB Richard Case
|
0-0: Ground out 4-3 (Groundball, 4)
|
Batting: RHB José Moreno
|
0-0: Called Strike 0-1: Ball 1-1: Ball 2-1: Ball 3-1: Fly out, F8 (Line Drive, 78D)
|
Batting: RHB Ron King
|
0-0: Ball 1-0: Swinging Strike 1-1: Ball 2-1: Ground out 3-1 (Groundball, 34)
|
Top of the 5th over - 0 run(s), 0 hit(s), 0 error(s), 0 left on base; Reading 2 - Intercourse 5 |
BOTTOM OF THE 5TH |
Intercourse Amish batting - Pitching for Reading Rainbows : LHP Armando Rodríguez
|
Batting: RHB Juan Caceres
|
0-0: Called Strike 0-1: Ball 1-1: Fly out, F6 (Line Drive, 6M)
|
Batting: LHB Tony O'Bryan
|
0-0: Ball 1-0: Foul Ball, location: 2F 1-1: Swinging Strike 1-2: Strikes out swinging
|
Batting: RHB Frank Maxwell
|
0-0: SOLO HOME RUN (Flyball, 7D), Distance : 383 ft
|
Batting: SHB Conan Hanson
|
0-0: Ball 1-0: Fly out, F8 (Flyball, 8LXD)
|
Bottom of the 5th over - 1 run(s), 1 hit(s), 0 error(s), 0 left on base; Reading 2 - Intercourse 6 |
TOP OF THE 6TH |
Reading Rainbows batting - Pitching for Intercourse Amish : RHP Andrés Ruíz
|
Pitching: RHP Don Shelton
|
|
Batting: RHB Ethan Moore
|
0-0: Called Strike 0-1: Ball 1-1: Ball 2-1: Foul Ball, location: 2F 2-2: Ball 3-2: SINGLE (Line Drive, 56)
|
Batting: RHB Jeff Townsley
|
0-0: Called Strike 0-1: Called Strike 0-2: Ball 1-2: Ball 2-2: SINGLE (Groundball, 34D) Ethan Moore to second Runner from 2nd tries for 3rd, SAFE, throw made to third Jeff Townsley to second
|
Batting: SHB Dan Chandler
|
0-0: Ball 1-0: Foul Ball, location: 2F 1-1: Ball 2-1: 3-RUN HOME RUN (Flyball, 7D), Distance : 400 ft
|
Pitching: LHP Manuel Encarnación
|
|
Batting: LHB Richard Henry
|
0-0: Swinging Strike 0-1: Ball 1-1: Called Strike 1-2: Strikes out looking
|
Batting: RHB Germán Romero
|
0-0: Swinging Strike 0-1: Ball 1-1: Ball 2-1: Ball 3-1: Fly out, F5 (Line Drive, 5)
|
Batting: RHB Hubert Brown
|
0-0: Foul Ball, location: 2F 0-1: Foul Ball, location: 2F 0-2: Ground out 6-3 (Groundball, 6)
|
Top of the 6th over - 3 run(s), 3 hit(s), 0 error(s), 0 left on base; Reading 5 - Intercourse 6 |
BOTTOM OF THE 6TH |
Intercourse Amish batting - Pitching for Reading Rainbows : LHP Armando Rodríguez
|
Batting: RHB Joe Zapata
|
0-0: Ball 1-0: DOUBLE (Flyball, 78M)
|
Batting: RHB Leon Heath
|
0-0: Ball 1-0: Ball 2-0: Fly out, F8 (Flyball, 8LXD) Runner from 2nd tags up, SAFE at 3rd, no throw
|
Batting: LHB Dave Reynolds
|
0-0: Ball 1-0: Ball 2-0: Foul Ball, location: 2F 2-1: Foul Ball, location: 2F 2-2: Foul Ball, location: 2F 2-2: Ground out 4-3 (Groundball, 4)
|
Batting: SHB Ralph Robison
|
0-0: Called Strike 0-1: Swinging Strike 0-2: Strikes out swinging
|
Bottom of the 6th over - 0 run(s), 1 hit(s), 0 error(s), 1 left on base; Reading 5 - Intercourse 6 |
TOP OF THE 7TH |
Reading Rainbows batting - Pitching for Intercourse Amish : LHP Manuel Encarnación
|
Batting: RHB Richard Case
|
0-0: Ball 1-0: Ball 2-0: Foul Ball, location: 2F 2-1: Foul Ball, location: 2F 2-2: Fly out, F9 (Flyball, 9S)
|
Batting: RHB José Moreno
|
0-0: Ball 1-0: Foul Ball, location: 2F 1-1: Ball 2-1: Foul Ball, location: 2F 2-2: Ball 3-2: Foul Ball, location: 2F 3-2: Base on Balls
|
Batting: RHB Ron King
|
0-0: Hit by Pitch José Moreno to second
|
Batting: RHB Ethan Moore
|
0-0: Called Strike 0-1: Swinging Strike 0-2: Strikes out swinging
|
Batting: RHB Jeff Townsley
|
0-0: Swinging Strike 0-1: Ball 1-1: Foul Ball, location: 2F 1-2: Ball 2-2: Foul Ball, location: 2F 2-2: Strikes out swinging
|
Top of the 7th over - 0 run(s), 0 hit(s), 0 error(s), 2 left on base; Reading 5 - Intercourse 6 |
BOTTOM OF THE 7TH |
Intercourse Amish batting - Pitching for Reading Rainbows : LHP Armando Rodríguez
|
Pitching: RHP Luis Silva
|
|
Batting: RHB Juan Estrada
|
0-0: Ball 1-0: Swinging Strike 1-1: Ball 2-1: Called Strike 2-2: Foul Ball, location: 2F 2-2: DOUBLE (Line Drive, 78D)
|
Pinch Hitting: LHB Bruce Foster
|
0-0: SINGLE (Groundball, 4MD) Juan Estrada to third
|
Batting: LHB Tony O'Bryan
|
Pickoff Throw to First - Error! E1 Juan Estrada scores Bruce Foster to second 0-0: Ground out 3-1 (Groundball, 34S) Bruce Foster to third
|
Batting: RHB Frank Maxwell
|
0-0: Swinging Strike 0-1: Swinging Strike 0-2: Foul Ball, location: 2F 0-2: Ball 1-2: Strikes out swinging
|
Batting: SHB Conan Hanson
|
0-0: Ball 1-0: Ball 2-0: Foul Ball, location: 2F 2-1: Foul Ball, location: 2F 2-2: Foul Ball, location: 2F 2-2: Strikes out swinging
|
Bottom of the 7th over - 1 run(s), 2 hit(s), 1 error(s), 1 left on base; Reading 5 - Intercourse 7 |
TOP OF THE 8TH |
Reading Rainbows batting - Pitching for Intercourse Amish : LHP Manuel Encarnación
|
Now at 2B: Gabriel Stout
|
|
Batting: SHB Dan Chandler
|
0-0: Called Strike 0-1: Ball 1-1: Called Strike 1-2: Strikes out swinging
|
Batting: LHB Richard Henry
|
0-0: Ground out 5-3 (Groundball, 56S)
|
Batting: RHB Germán Romero
|
0-0: Ball 1-0: Ground out U3 (Groundball, 34)
|
Top of the 8th over - 0 run(s), 0 hit(s), 0 error(s), 0 left on base; Reading 5 - Intercourse 7 |
BOTTOM OF THE 8TH |
Intercourse Amish batting - Pitching for Reading Rainbows : RHP Luis Silva
|
Batting: RHB Joe Zapata
|
0-0: Foul Ball, location: 2F 0-1: Foul Ball, location: 2F 0-2: SINGLE (Flyball, 78S)
|
Batting: RHB Leon Heath
|
0-0: Bunted foul 0-1: Sac Bunt - play at second, runner OUT! 1-6
|
Batting: LHB Dave Reynolds
|
0-0: SINGLE (Line Drive, 89S) Leon Heath to second
|
Batting: SHB Ralph Robison
|
0-0: Ball Leon Heath steals 3rd base Dave Reynolds to second 1-0: Ball 2-0: Ball 3-0: Called Strike 3-1: Base on Balls
|
Batting: RHB Juan Estrada
|
0-0: Ball 1-0: Grounds into fielders choice 6-2 (Groundball, 6MS) Dave Reynolds to third Ralph Robison to second
|
Batting: RHB Gabriel Stout
|
0-0: Ball 1-0: Fielders Choice at 2nd, 4-6 (Groundball, 4)
|
Bottom of the 8th over - 0 run(s), 2 hit(s), 0 error(s), 2 left on base; Reading 5 - Intercourse 7 |
TOP OF THE 9TH |
Reading Rainbows batting - Pitching for Intercourse Amish : LHP Manuel Encarnación
|
Pitching: RHP Sixto Santiago
|
|
Batting: RHB Hubert Brown
|
0-0: Called Strike 0-1: Foul Ball, location: 2F 0-2: Foul Ball, location: 2F 0-2: Ball 1-2: Foul Ball, location: 2F 1-2: Strikes out swinging
|
Batting: RHB Richard Case
|
0-0: SINGLE (Groundball, 56S) (infield hit)
|
Pinch Hitting: LHB Júlio Lorenzo
|
0-0: Called Strike 0-1: Called Strike 0-2: Ball 1-2: Strikes out swinging
|
Batting: RHB Ron King
|
0-0: Ball Pickoff Throw to First - Error! E1 Richard Case to second 1-0: Ball 2-0: Called Strike 2-1: Ball 3-1: Foul Ball, location: 2F 3-2: Fly out, F8 (Flyball, 8LM)
|
Top of the 9th over - 0 run(s), 1 hit(s), 1 error(s), 1 left on base; Reading 5 - Intercourse 7 |
|